 Dungeon Crawl Stone Soup version 0.30.0-10-gfe55d96785 (webtiles) character file.

Game seed: 15509962832792668158

145 qw the Chopper (level 5, -4/32 HPs)
             Began as a Gargoyle Cinder Acolyte on May 17, 2023.
             Was a High Priest of Ignis.
             Slain by an ogre
             ... wielding a +0 giant spiked club
              (11 damage)
             ... on level 6 of the Dungeon.
             The game lasted 00:01:15 (2247 turns).

qw the Chopper (Gargoyle Cinder Acolyte)            Turns: 2247, Time: 00:01:16

Health: -4/32      AC: 24    Str: 20    XL:     5   Next: 27%
Magic:  6/6        EV:  8    Int: 14    God:    Ignis [*****.]
Gold:   133        SH:  0    Dex:  5    Spells: 6/6 levels left

rFire   + . .        Y - +0 hand axe (flame)
rCold   . . .        (no shield)
rNeg    + . .        b - +0 chain mail
rPois   inf          e - +0 helmet
rElec   +            (no cloak)
rCorr   .            (no gloves)
SInv    .            (no boots)
Will    +....        (no amulet) Stlth
                     f - +4 ring of protection
HPRegen 0.25/turn    g - ring of willpower
MPRegen 0.10/turn

%: no passive effects
@: about to teleport, fiery-armoured
A: sickness immunity, AC +4, negative energy resistance 1, electricity
resistance, torment resistance 1, petrification resistance
a: Renounce Religion, Fiery Armour, Foxfire Swarm, Rising Flame


You were on level 6 of the Dungeon.
You worshipped Ignis.
Ignis was extremely pleased with you.
You visited 1 branch of the dungeon, and saw 4 of its levels.

You collected 133 gold pieces.


Innate Abilities, Weirdness & Mutations

You are immune to sickness and miasma.
Your stone body is resilient. (AC +4)
You are immune to poison.
You resist negative energy. (rN+)
You are resistant to electric shocks. (rElec)
You are resistant to unholy torment.
You are immune to petrification.


   Skills:
 - Level 3.2 Fighting
 - Level 5.0 Axes
 + Level 1.8 Armour
 - Level 1.0 Spellcasting
 - Level 3.0 Fire Magic


You had 6 spell levels left.
You didn't know any spells.
Your spell library contained the following spells:

 Spells                   Type           Power      Damage    Failure   Level
 Scorch                   Fire           18%        2d5       67%         2

Inventory:

Hand Weapons
 Y - a +0 hand axe of flaming (weapon)
Armour
 b - a +0 chain mail (worn)
 e - a +0 helmet (worn)
Jewellery
 f - a +4 ring of protection (left hand)
 g - a ring of willpower (right hand)
Potions
 a - a potion of resistance
 c - a potion of degeneration {unknown}
 d - a potion of flight {unknown}
 h - a potion of curing {unknown}
 i - a potion of mutation {unknown}

Dungeon Overview and Level Annotations

Branches:
Dungeon (6/15)
 Temple: D:4-7

Altars:


Message History

You see here a jackal corpse.
A sourceless malevolence fills the Dungeon...
You fall into a shaft and drop 3 floors!
The shaft crumbles and collapses.
Found a stone staircase leading up.
Waypoint 3 assigned to D:6.
2226 ||| UPGRADING to +0 chain mail.
You start removing your armour.
You continue taking off your +0 ring mail. x4
You finish taking off your +0 ring mail.
You start putting on your armour.
You continue putting on your +0 chain mail. x5
You finish putting on your +0 chain mail.
2236 ||| DROPPING +0 ring mail.
You drop a +0 ring mail.
(D) Dungeon
Where to? (* - list waypoints, Enter - D:3, ? - help)
What level of the Dungeon? (default 1, ? - help)
An ufetubus comes into view.
The ufetubus shouts!
You hear a shout!
An ogre comes into view. It is wielding a +0 giant spiked club.
You closely miss the ufetubus.
The ufetubus hits you but does no damage. x2
The ufetubus closely misses you. The ufetubus barely misses you.
You slash the ufetubus! You burn the ufetubus.
You kill the ufetubus!
You closely miss the ogre.
The ogre hits you with a +0 giant spiked club!!
Ouch! That really hurt!
2245 ||| READING scroll of teleportation.
As you read the scroll of teleportation, it crumbles to dust.
You feel strangely unstable.
2246 ||| INVOKING Fiery Armour.
A protective cloak of flame settles atop you.
The ogre hits you but does no damage.
The ogre is burned by your cloak of flames.
The ogre is moderately wounded.
You hit the ogre. You burn the ogre.
The ogre is heavily wounded.
The ogre hits you with a +0 giant spiked club!
You die...

##### #
#....#### .#
##.......##..#
#............#
........[....##
......O@.......#
................
....$...........
................
................
...............#
#............###
###.........##


You could see an ogre.

Vanquished Creatures
  Terence (D:3)
  6 adders
  An ufetubus (D:6)
  A worm (D:2)
  4 ball pythons (D:1)
  8 endoplasms
  3 giant cockroaches
  4 hobgoblins
  3 jackals (D:3)
  5 kobolds
  4 quokkas
  5 bats
  3 frilled lizards
  3 goblins
  7 rats
58 creatures vanquished.

Notes
Turn   | Place    | Note
-------+----------+-------------------------------------------
     0 | D:1      | qw the Gargoyle Cinder Acolyte began the quest for the Orb.
     0 | D:1      | Reached XP level 1. HP: 14/14 MP: 2/2
     0 | D:1      | 0 ||| qw: Version: 0.2-a-95-g4c1bab1
     0 | D:1      | 0 ||| qw: Game counter: 157
     0 | D:1      | 0 ||| qw: Always use a shield: true
     0 | D:1      | 0 ||| qw: God list: Okawaru
     0 | D:1      | 0 ||| qw: Allow faded altars: false
     0 | D:1      | 0 ||| qw: Do Orc after D:15 true
     0 | D:1      | 0 ||| qw: Do second Lair branch before Depths: true
     0 | D:1      | 0 ||| qw: Lair rune preference: random
     0 | D:1      | 0 ||| qw: Plans: Normal
     0 | D:1      | 0 ||| PLANNING D:1-11
    18 | D:1      | 18 ||| Stepping ~*~*~tactically~*~*~ (stealth).
    30 | D:1      | Reached skill level 3 in Axes
    47 | D:1      | Reached XP level 2. HP: 19/19 MP: 3/3
   432 | D:1      | 432 ||| READING scroll labelled KATOAQ KABEO.
   433 | D:1      | 433 ||| READING scroll labelled SAITSO XING.
   434 | D:1      | 434 ||| READING scroll labelled NEOTIRE PAANG.
   449 | D:1      | Reached XP level 3. HP: 23/23 MP: 4/4
   454 | D:1      | 454 ||| READING scroll labelled GAREFRECIKK.
   723 | D:1      | Found a faded altar of an unknown god.
   723 | D:1      | Noticed a soul eater
   892 | D:1      | 892 ||| DROPPING ring of magical power.
   893 | D:1      | 893 ||| UPGRADING to +4 ring of protection.
   894 | D:1      | 894 ||| READING scroll labelled TAGOIJABUUF.
   899 | D:1      | 899 ||| READING scroll labelled TEMYDUA NIYCW.
   900 | D:1      | 900 ||| DRINKING 2 lumpy coppery potions.
   901 | D:1      | 901 ||| DRINKING 2 metallic orange potions.
   905 | D:1      | 905 ||| DROPPING potion of ambrosia.
   947 | D:2      | 947 ||| Stepping ~*~*~tactically~*~*~ (stealth).
   949 | D:2      | 949 ||| Stepping ~*~*~tactically~*~*~ (stealth).
  1137 | D:2      | Reached skill level 4 in Axes
  1218 | D:2      | 1218 ||| Stepping ~*~*~tactically~*~*~ (stealth).
  1233 | D:2      | Reached XP level 4. HP: 26/28 MP: 5/5
  1897 | D:2      | 1897 ||| UPGRADING to +0 helmet.
  1902 | D:2      | 1902 ||| UPGRADING to +0 leather armour.
  1912 | D:2      | 1912 ||| DROPPING +0 robe.
  1913 | D:2      | 1913 ||| UPGRADING to +0 ring mail.
  1923 | D:2      | 1923 ||| DROPPING +0 leather armour.
  1924 | D:2      | 1924 ||| UPGRADING to ring of willpower.
  1925 | D:2      | 1925 ||| READING scroll labelled KID CUEDUBLA.
  1956 | D:3      | 1956 ||| STAIRDANCE
  1984 | D:3      | Noticed Terence
  1990 | D:3      | Killed Terence
  1991 | D:3      | Reached skill level 1 in Armour
  2068 | D:3      | Reached XP level 5. HP: 28/32 MP: 6/6
  2222 | D:3      | Reached skill level 5 in Axes
  2225 | D:3      | You fall into a shaft and drop 3 floors!
  2226 | D:6      | 2226 ||| UPGRADING to +0 chain mail.
  2236 | D:6      | 2236 ||| DROPPING +0 ring mail.
  2237 | D:6      | Noticed an ogre
  2244 | D:6      | HP: 7/32 [ogre/+0 giant spiked club (25)]
  2245 | D:6      | 2245 ||| READING scroll of teleportation.
  2246 | D:6      | 2246 ||| INVOKING Fiery Armour.
  2247 | D:6      | Slain by an ogre

Levels and vault maps discovered:
D:1:      minmay_arrival_glassed_features, layout_basic,
          dreamdust_ecumenical_altar_sealed_demon, minmay_split_cup_large
D:2:      layout_loops_corners
D:3:      layout_basic, chequers_garden, bh_walls_and_bars, uniq_terence
D:6:      layout_cave_pods, mainiacjoe_overflow_chevrons, zin_purify,
          minmay_fractal_squares_5, uniq_pikel

Skill      XL: |  1  2  3  4  5 |
---------------+----------------+-----
Axes           | 3 4 5 |  5.0
Armour         | 1 |  1.8
Fighting       | |  3.2
Spellcasting   | |  1.0
Fire Magic     | |  3.0

Action                     |  1- 3 |  4- 6 || total
---------------------------+-------+-------++-------
  Melee: Hand axe          |   100 |    99 ||   199
 Invoke: Fiery Armour      |       |     1 ||     1
    Use: Scroll            |     6 |     2 ||     8
         Potion            |     2 |       ||     2
 Armour: Robe              |    37 |    12 ||    49
         Ring mail         |       |    33 ||    33
         Chain mail        |       |     3 ||     3
  Dodge: Dodged            |    50 |    55 ||   105

Table legend:
 A = Non-vault XP
 B = Vault XP
 C = Vault XP percentage of total XP
 D = Non-vault monster count
 E = Vault monster count
 F = Vault count percentage of total count
                 A         B        C        D         E       F
            +---------+---------+-------+---------+---------+-------
      Total |     168 |      40 |  19.2 |      53 |       5 |   8.6
            +---------+---------+-------+---------+---------+-------
        D:1 |      37 |       4 |   9.8 |      22 |       4 |  15.4
        D:2 |      82 |       0 |   0.0 |      20 |       0 |   0.0
        D:3 |      41 |      36 |  46.8 |      10 |       1 |   9.1
        D:6 |       8 |       0 |   0.0 |       1 |       0 |   0.0
            +---------+---------+-------+---------+---------+-------
